 Dungeon Crawl Stone Soup version 0.29.0-11-gd7f09526c8 (webtiles) character file.

Game seed: 119229911261034443

20 xian the Magician (level 3, -1/28 HPs)
             Began as a Djinni Warper on Sept 3, 2022.
             Slain by an endoplasm (2 damage)
             ... on level 1 of the Dungeon.
             The game lasted 00:03:04 (563 turns).

xian the Magician (Djinni Warper)                    Turns: 563, Time: 00:03:05

Health: -1/28      AC:  3    Str: 10    XL:     3   Next: 0%
Gold:   15         EV: 11    Int: 22    God:
                   SH:  0    Dex: 12

rFire   + + .      SeeInvis .   a - +0 falchion
rCold   x . .      Faith    .   (no shield)
rNeg    . . .      Spirit   .   b - +0 leather armour
rPois   ∞          Reflect  .   (no helmet)
rElec   .          Harm     .   (no cloak)
rCorr   .          Rampage  .   (no gloves)
Will    .....                   (boots unavailable)
Stlth   +.........              (no amulet)
HPRegen 0.09/turn               i - +6 ring of intelligence
MPRegen 0.00/turn               (no ring)

@: flying
A: sickness immunity, fire resistance 2, cold vulnerability 1, float, innate
caster, HP casting, extra vitality 1
a: no special abilities


You were on level 1 of the Dungeon.
You visited 1 branch of the dungeon, and saw 1 of its levels.

You collected 15 gold pieces.

Inventory:

Hand Weapons
 a - a +0 falchion (weapon)
Missiles
 d - 6 boomerangs of dispersal (quivered)
Armour
 b - a +0 leather armour (worn)
Jewellery
 i - a +6 ring of intelligence (left hand)
Scrolls
 c - a scroll of blinking
 f - a scroll of noise {unknown}
 h - a scroll of teleportation {unknown}
Potions
 e - a potion of berserk rage {unknown}
 g - a potion of curing {unknown}


   Skills:
 + Level 2.3 Fighting
 + Level 2.1 Long Blades
 + Level 0.7 Throwing
 + Level 1.1 Armour
 + Level 2.3 Dodging
 + Level 2.7 Spellcasting


You couldn't memorise any spells.
You knew the following spells:

 Your Spells              Type           Power      Damage    Failure   Level
a - Blink                 Tloc           28%        N/A       9%          2
b - Lesser Beckoning      Tloc           14%        N/A       17%         3
c - Gell's Gravitas       Tloc           14%        N/A       17%         3
d - Teleport Other        Tloc           14%        N/A       17%         3
e - Manifold Assault      Tloc           14%        N/A       85%         5
f - Summon Small Mammal   Summ           56%        N/A       6%          1
Your spell library was empty.

Dungeon Overview and Level Annotations

Branches:
Dungeon (1/15)

Altars:


Innate Abilities, Weirdness & Mutations

You are immune to sickness and miasma.
You are immune to poison.
Your flesh is very heat resistant. (rF++)
You are vulnerable to cold. (rC-)
You float through the air rather than walking.
You learn spells naturally, not from books.
Your magical power is your life essence.
You have superior vitality. (+4 MHP)


Message History

The giant cockroach bites you.
You hit the giant cockroach.
You kill the giant cockroach!
You have reached level 3!
Your experience leads to an increase in your attributes!
Your base attributes are Str 10, Int 14, Dex 12.
Increase (S)trength, (I)ntelligence, or (D)exterity?
You feel clever. x2
The power to cast Summon Small Mammal wells up from within.
Spell assigned to 'f'.
You see here a giant cockroach corpse.
You reach down and open the door.
An endoplasm comes into view.
The endoplasm quivers.
Found a faded altar of an unknown god.
You hit the endoplasm but do no damage. The endoplasm freezes you.
You are frozen!
You feel a terrible chill!
You barely miss the endoplasm. The endoplasm hits you.
The endoplasm freezes you.
You are frozen.
You feel a terrible chill!
You hit the endoplasm.
The endoplasm is heavily wounded.
The endoplasm freezes you.
You are frozen.
You feel a terrible chill!
You barely miss the endoplasm.
The endoplasm is heavily wounded.
The endoplasm barely misses you.
You hit the endoplasm.
The endoplasm is severely wounded.
The endoplasm freezes you.
You are frozen!
You feel a terrible chill!
* * * LOW HITPOINT WARNING * * *
You hit the endoplasm but do no damage.
The endoplasm is severely wounded.
The endoplasm freezes you.
You are frozen.
You feel a terrible chill!
* * * LOW HITPOINT WARNING * * *
The endoplasm attacks as you move away! The endoplasm hits you.
You die...

#..........#
#..........#
#..........#
#..........#
#..........#
#..........#
#..........#
#..........#############
#.......†......J@.......
#..####.##.'#######+####
#..# #.##.#..
#..####.####....
#.......# #.....
##.####.# 8._.. #.# #.#
..... ##.# #.# .... ...#


You could see an endoplasm.

Vanquished Creatures
  3 endoplasms (D:1)
  4 giant cockroaches (D:1)
  A hobgoblin (D:1)
  A ball python (D:1)
  3 bats (D:1)
  A frilled lizard (D:1)
  2 goblins (D:1)
  A kobold (D:1)
  3 rats (D:1)
19 creatures vanquished.

Notes
Turn   | Place    | Note
-------+----------+-------------------------------------------
     0 | D:1      | xian the Djinni Warper began the quest for the Orb.
     0 | D:1      | xian set off with the following spells memorised: Blink,
                  | Lesser Beckoning, Gell's Gravitas, Teleport Other, Manifold
                  | Assault.
     0 | D:1      | Reached XP level 1. HP: 18/18 MP: 0/0
   254 | D:1      | Reached XP level 2. HP: 22/23 MP: 0/0
   544 | D:1      | Reached XP level 3. HP: 27/28 MP: 0/0
   544 | D:1      | Learned a level 1 spell: Summon Small Mammal
   548 | D:1      | Found a faded altar of an unknown god.
   561 | D:1      | HP: 1/28 [frozen (4)]
   563 | D:1      | Slain by an endoplasm

Illustrated notes

Levels and vault maps discovered:
D:1:      heliophobic_arrival_enchanted_forest, layout_basic,
          hellmonk_ecumenical_altar_slurped_away

Skill      XL: |  1 |
---------------+----+-----
Long Blades    | 2 |  2.1
Fighting       | |  2.3
Throwing       | |  0.7
Armour         | |  1.1
Dodging        | |  2.3
Spellcasting   | |  2.7

Action                   || total
-------------------------++-------
Melee: Falchion          ||    51
Throw: Boomerang         ||     1
Armor: Leather armour    ||    13
Dodge: Dodged            ||    39
